 Dungeon Sprint DCSS version 0.18.1-8-gdd0e5ea (webtiles) character file.

328 pipel the Skirmisher (level 6, 0/60 HPs)
             Began as a Minotaur Skald on May 21, 2016.
             Was a Believer of Makhleb.
             Slain by an unseen horror (3 damage)
             ... in the Dungeon (Sprint IX: "|||||||||||||||||||||||||||||").
             The game lasted 00:02:38 (453 turns).

pipel the Skirmisher (Minotaur Skald)                Turns: 453, Time: 00:02:38

Health: 0/60       AC:  4    Str: 17    XL:     6   Next: 25%
Magic:  2/7        EV: 13    Int: 15    God:    Makhleb [**....]
Gold:   0          SH:  0    Dex: 11    Spells: 2 memorised, 5 levels left

rFire  . . .     SeeInvis .     b - +2 halberd (venom)
rCold  . . .     Gourm    .     q - +0 leather armour
rNeg   . . .     Faith    .     (shield currently unavailable)
rPois  .         Spirit   .     (helmet restricted)
rElec  .         Dismiss  .     (no cloak)
rCorr  .         Reflect  .     r - +0 pair of gloves
SustAt .         Harm     .     (no boots)
MR     .....     NoTele   +     (no amulet)
Stlth  +.........               v - +3 ring of intelligence
                                u - +3 ring of intelligence

@: very slightly contaminated, invisible, not resistant to hostile enchantments,
very unstealthy
A: retaliatory headbutt, horns 2
a: Minor Destruction, Renounce Religion


You were in the Dungeon.
You worshipped Makhleb.
Makhleb was pleased with you.
You were not hungry.

You visited 1 branch

Inventory:

Hand Weapons
 b - a +2 halberd of venom (weapon)
 p - a +0 spear
Armour
 q - a +0 leather armour (worn)
 r - a +0 pair of gloves (worn)
 s - a +0 pair of gloves
 t - a +1 scale mail
Magical Staves
 a - an uncursed staff of energy
Jewellery
 u - a +3 ring of intelligence (left hand)
 v - a +3 ring of intelligence (right hand)
Wands
 o - a wand of lightning (0/15)
Scrolls
 j - 2 scrolls of blinking
 m - 3 scrolls of remove curse
 n - 2 scrolls of amnesia
Potions
 e - 5 potions of curing
 g - a potion of haste
 h - 4 potions of magic
 i - a potion of berserk rage
Books
 c - a book of Battle

   Spells                             Type                      Level
   a - Infusion                       Charms                       1
   b - Shroud of Golubria             Charms/Translocation         2
   c - Song of Slaying                Charms                       2
   d - Spectral Weapon                Hexes/Charms                 3
   e - Regeneration                   Charms/Necromancy            3
Comestibles
 d - a bread ration
 k - 5 chunks of flesh


   Skills:
 + Level 7.6 Fighting
 + Level 6.8 Polearms
 + Level 4.8 Armour
 + Level 5.0 Dodging
 + Level 1.1 Stealth
 - Level 1.5 Spellcasting
 + Level 5.9 Charms
 + Level 0.8 Translocations
 + Level 1.0 Evocations


You had 5 spell levels left.
You knew the following spells:

 Your Spells              Type           Power        Failure   Level  Hunger
a - Infusion              Chrm           ###.         2%          1    ##.....
b - Shroud of Golubria    Chrm/Tloc      ##........   12%         2    ###....


Dungeon Overview and Level Annotations

Branches:
Dungeon (1/1)

Altars:
Cheibriados
Dithmenos
Elyvilon
Fedhas
Gozag
Kikubaaqudgha
Makhleb
Nemelex Xobeh
Okawaru
Pakellas
Qazlal
Ru
Sif Muna
Trog
Vehumet
Xom
Yredelemnul
Zin
The Shining One
Beogh
Jiyva
Lugonu


Innate Abilities, Weirdness & Mutations

You reflexively headbutt those who attack you in melee.
You have a pair of horns on your head.


Message History

You swing at nothing.
Something hits you.
You take 2 damage, and have 21/60 hp.
You swing at nothing.
Something hits you.
* * * LOW HITPOINT WARNING * * *
Something hits you.
* * * LOW HITPOINT WARNING * * *
You take 8 damage, and have 13/60 hp.
Drink which item? (? for menu, Esc to quit)
You don't have any such object.
Drink which item? (? for menu, Esc to quit)
You can't drink that!
Drink which item? (? for menu, Esc to quit)
You fade into invisibility!
Something hits you!
* * * LOW HITPOINT WARNING * * *
You take 9 damage, and have 4/60 hp.
You slash something! Something hits you but does no damage. Something hits you.
* * * LOW HITPOINT WARNING * * *
Something hits you.
You die... ▓▓▓▓▓▓▓▓▓▓▓▓▓▓▓▓▓▓▓▓▓▓▓▓ +..)...@.....)...'______ ▓▓▓▓▓▓▓▓▓▓▓▓▓▓▓▓▓▓▓▓▓▓▓▓

There were no monsters in sight!

Vanquished Creatures
  A hippogriff (D)
  An orc warrior (D)
  A scorpion (D)
  A crimson imp (D)
  2 adder skeletons (D)
  A dart slug (D)
  An orc (D)
  A bat skeleton (D)
  A giant cockroach (D)
  3 goblins (D)
  A quokka (D)
  A rat (D)
15 creatures vanquished.

Notes
Turn   | Place    | Note
--------------------------------------------------------------
     0 | D        | pipel the Minotaur Skald began the quest for the Orb.
     0 | D        | Reached XP level 1. HP: 18/18 MP: 1/1
    23 | D        | Reached skill level 3 in Fighting
   222 | D        | Reached XP level 2. HP: 24/26 MP: 3/3
   243 | D        | Found a glowing silver altar of Zin.
   243 | D        | Found a glowing golden altar of the Shining One.
   243 | D        | Found an ancient bone altar of Kikubaaqudgha.
   243 | D        | Found a basalt altar of Yredelemnul.
   243 | D        | Found a shimmering altar of Xom.
   243 | D        | Found a radiant altar of Vehumet.
   244 | D        | Found an iron altar of Okawaru.
   245 | D        | Found a burning altar of Makhleb.
   246 | D        | Found a deep blue altar of Sif Muna.
   247 | D        | Found a bloodstained altar of Trog.
   248 | D        | Found a sparkling altar of Nemelex Xobeh.
   249 | D        | Found a white marble altar of Elyvilon.
   250 | D        | Found a roughly hewn altar of Beogh.
   251 | D        | Found a viscous altar of Jiyva.
   252 | D        | Found a corrupted altar of Lugonu.
   253 | D        | Found a blossoming altar of Fedhas.
   255 | D        | Became a worshipper of Makhleb the Destroyer
   257 | D        | Found a snail-covered altar of Cheibriados.
   258 | D        | Found a shadowy altar of Dithmenos.
   259 | D        | Found a stormy altar of Qazlal.
   260 | D        | Found an opulent altar of Gozag.
   261 | D        | Found a sacrificial altar of Ru.
   262 | D        | Found an oddly glowing altar of Pakellas.
   302 | D        | Learned a level 2 spell: Shroud of Golubria
   436 | D        | Noticed a crimson imp
   436 | D        | Noticed an orc warrior
   436 | D        | Noticed a scorpion
   436 | D        | Noticed a hippogriff
   439 | D        | Killed a hippogriff
   439 | D        | Reached skill level 6 in Fighting
   439 | D        | Reached skill level 5 in Polearms
   439 | D        | Reached XP level 3. HP: 23/37 MP: 1/4
   439 | D        | Reached XP level 4. HP: 27/44 MP: 1/5
   439 | D        | Reached XP level 5. HP: 31/50 MP: 1/6
   439 | D        | Reached * piety under Makhleb
   439 | D        | Reached skill level 1 in Stealth
   439 | D        | Reached skill level 5 in Charms
   439 | D        | Killed an orc warrior
   439 | D        | Reached skill level 7 in Fighting
   439 | D        | Reached skill level 1 in Evocations
   439 | D        | Reached XP level 6. HP: 42/60 MP: 1/7
   439 | D        | Reached ** piety under Makhleb
   439 | D        | Reached skill level 5 in Dodging
   453 | D        | HP: 3/60 [something (1)]
   453 | D        | Slain by an unseen horror

Skill      XL: |  1  2  3  4  5  6 |
---------------+-------------------+-----
Fighting       | 3 6 7 |  7.6
Polearms       | 5 6 |  6.8
Charms         | 4 5 |  5.9
Armour         | 3 4 |  4.8
Dodging        | 3 4 5 |  5.0
Stealth        | 1 |  1.1
Evocations     | 1 |  1.0
Spellcasting   | |  1.5
Translocations | |  0.8

Action                   |  1- 3 |  4- 6 || total
-------------------------+-------+-------++-------
Melee: Spear             |    36 |       ||    36
       Headbutt          |     5 |       ||     5
       Halberd           |       |     3 ||     3
Evoke: Wand              |     2 |     5 ||     7
  Use: Potion            |       |     4 ||     4
Armor: Leather armour    |     9 |     2 ||    11
Dodge: Dodged            |    11 |       ||    11
